 Dungeon Crawl Stone Soup version 0.31-a0-963-ga325b2283a (webtiles) character file.

Game seed: 17383719196711777298

3371 mopl the Insei (level 10, -5/97 HPs)
             Began as an Octopode Shapeshifter on Oct 25, 2023.
             Was a Priest of Uskayaw.
             Slain by a centaur (6 damage)
             ... on level 7 of the Dungeon.
             The game lasted 00:09:32 (5565 turns).

mopl the Insei (Octopode Shapeshifter)              Turns: 5565, Time: 00:09:32

Health: -5/97      AC:  1    Str: 13    XL:     10   Next: 3%
Magic:  22/22      EV: 16    Int: 18    God:    Uskayaw [***...]
Gold:   482        SH:  0    Dex: 23    Spells: 9/9 levels left

rFire   . .          .
                       - Unarmed
rCold   . . .        (no shield)
rNeg    . . .        (helmet currently unavailable)
rPois   .            z - amulet of regeneration
rElec   .            q - ring of magical power
rCorr   +            r - +6 ring of intelligence
SInv    .            s - ring of resist corrosion
Will    +....        w - ring of willpower Stlth
                     D - +6 ring of dexterity
HPRegen 1.16/turn    (no ring)
MPRegen 0.18/turn    (no ring)
                     (no ring)

%: no passive effects
@: berserking, beast-form, very quick
A: beast (slay +3), almost no armour, amphibious, 8 rings, camouflage 1,
gelatinous body 1, (nimble swimmer 1), tentacles
a: Begin Untransformation, Renounce Religion, Stomp, Line Pass


You were on level 7 of the Dungeon.
You worshipped Uskayaw.
Uskayaw was noncommittal.
You were a hulking beast.
You visited 1 branch of the dungeon, and saw 7 of its levels.

You collected 482 gold pieces.

Inventory:

Hand Weapons
 v - a +0 dagger of venom
 y - a +2 trident of venom
Missiles
 m - 20 poisoned darts (quivered)
 u - 4 boomerangs
Armour
 F - an orb of mayhem
Jewellery
 q - a ring of magical power (left tentacle)
 r - a +6 ring of intelligence (right tentacle)
 s - a ring of resist corrosion (on tentacle)
 w - a ring of willpower (on tentacle)
 z - an amulet of regeneration (around mantle)
 D - a +6 ring of dexterity (on tentacle)
Talismans
 b - a beast talisman
 c - a flux talisman
 j - a storm talisman
 H - a blade talisman
Wands
 x - a wand of roots (6)
 A - a wand of paralysis (9)
 B - a wand of mindburst (13)
 E - a wand of light (14)
Scrolls
 d - 3 scrolls of enchant weapon
 f - 7 scrolls of identify
 g - 3 scrolls of teleportation {unknown}
 h - a scroll of butterflies {unknown}
 i - a scroll of immolation {unknown}
 o - a scroll of enchant armour {unknown}
 t - a scroll of silence {unknown}
 C - 2 scrolls of amnesia {unknown}
 G - a scroll of fear {unknown}
 J - a scroll of torment {unknown}
Potions
 a - 2 potions of lignification {!q}
 e - 4 potions of curing
 k - a potion of brilliance
 n - a potion of magic
 p - 2 potions of might
 I - a potion of ambrosia


   Skills:
 + Level 4.9 Fighting
 + Level 4.5 Throwing
 + Level 5.0 Dodging
 * Level 7.5 Unarmed Combat
 + Level 4.5 Invocations
 + Level 3.2 Evocations
 * Level 6.9 Shapeshifting


You had 9 spell levels left.
You didn't know any spells.
Your spell library contained the following spells:

 Spells                   Type           Power      Damage    Failure   Level
 Kiss of Death            Conj/Necr      0%         2d5       22%         1
 Sting                    Tmut/Pois      0%         1d3       22%         1
 Poisonous Vapours        Pois/Air       0%         N/A       32%         2
 Confusing Touch          Hex            0%         N/A       54%         3
 Dispel Undead            Necr           0%         3d6       91%         4
 Olgreb's Toxic Radiance  Pois           0%         N/A       91%         4


Dungeon Overview and Level Annotations

Branches:
Dungeon (7/15)             Temple (0/1) D:6

Altars:
Ashenzari
Dithmenos
Makhleb
Ru
Uskayaw
The Shining One

Shops:
D:2 :   D:3 :   D:6 (   D:7 =


Innate Abilities, Weirdness & Mutations

You are a hulking beast.
Your limbs bulge with bestial killing power. (Slay +3)
You cannot wear most types of armour.
You are amphibious.
You can wear up to eight rings at the same time.
Your skin changes colour to match your surroundings (Stealth+).
Your rubbery body absorbs attacks. (AC +1, EV +1)
((You are camouflaged when in or above water. (Stealth+)))
You have tentacles for arms and can constrict up to eight enemies at once.


Message History

You kill the bullfrog!
You see here a bullfrog corpse.
You see here an amulet of regeneration.
A centaur comes into view.
The centaur wields a +0 orcbow.
The centaur shoots an arrow.
The arrow closely misses you.
You hear a roar!
You hear an angry hiss.
The centaur shoots an arrow.
The arrow completely misses you.
The centaur shoots an arrow.
The arrow barely misses you.
An acid dragon comes into view.
The centaur shoots an arrow.
The arrow hits you!
A wraith comes into view.
A manticore comes into view.
The centaur unwields a +0 orcbow.
The centaur hits you. The centaur misses you.
A jelly comes into view.
The wraith hits you!
You can no longer merge with and destroy a victim.
You are too injured to fight recklessly!
You are too injured to fight recklessly!
Unknown command.
As you read the scroll labelled FOSOPH WUBUOT, it crumbles to dust.
It is a scroll of enchant weapon.
Your +1 trident of venom glows red for a moment.
The centaur closely misses you. x2; The acid dragon closely misses you.
The acid dragon claws you. The wraith hits you!
* * * LOW HITPOINT WARNING * * *
The centaur misses you. The centaur barely misses you.
A red film seems to cover your vision as you go berserk!
You feel yourself moving faster!
You feel mighty! The centaur hits you.
* * * LOW HITPOINT WARNING * * *
The centaur closely misses you. The acid dragon bites you.
* * * LOW HITPOINT WARNING * * *
The acid dragon claws you.
* * * LOW HITPOINT WARNING * * *
The wraith hits you.
* * * LOW HITPOINT WARNING * * *
Unknown command.
You barely miss the acid dragon. The centaur hits you.
You die...

#.....###.'.)...)###........#.##.
###...#...##...#'#.#.......##..##
##...†##..†#.###.†.##..........##
#......'.#####.."...#............
#......###.#.....#.)##...........
#....###...##..###...#......##...
#..### ....#...###..##.....#....
.### #..##..#.....#.....#.... .#
#...#..hW..###...<...... .#
#..##D.c### #.##....... ##
#...'J#######..##....). ####
##H.###........##..##.. ##.#
#.....#........##...##.. ...##
#.....###.#........#..###. #.#.#
y.(..###...#.......#..###..
..####..c###.............##.#####
...#.#.###...................####


You could see a manticore, a wraith, an acid dragon, a centaur and a jelly.

Vanquished Creatures
  An ugly thing (D:7)
  Jeremiah (D:7)
  Prince Ribbit (D:7)
  Menkaure (D:7)
  A black bear (D:6)
  2 ice beasts (D:7)
  2 sky beasts
  An ogre (D:5)
  3 centaurs (D:7)
  3 phantoms
  Blork the orc (D:5)
  A gnoll sergeant (D:6)
  4 bullfrogs
  2 scorpions
  A killer bee (D:7)
  2 howler monkeys (D:7)
  3 orc priests
  A gnoll bouda (D:7)
  2 sleepcaps (D:6)
  4 hounds
  3 iguanas
  7 orc wizards
  4 adders
  8 gnolls
  A white imp (D:5)
  A worm (D:3)
  A dart slug (D:2)
  31 orcs
  8 endoplasms
  5 giant cockroaches
  6 goblins
  7 hobgoblins
  5 jackals
  4 quokkas
  2 ball pythons
  5 bats
  5 frilled lizards
  4 kobolds
  6 rats (D:2)
150 creatures vanquished.

Notes
Turn   | Place    | Note
-------+----------+-------------------------------------------
     0 | D:1      | mopl the Octopode Shapeshifter began the quest for the Orb.
     0 | D:1      | Reached XP level 1. HP: 13/13 MP: 1/1
   113 | D:1      | Reached XP level 2. HP: 17/18 MP: 2/2
   628 | D:2      | Found Fice's Book Shoppe.
   773 | D:2      | Reached XP level 3. HP: 20/23 MP: 3/3
   812 | D:2      | Found a broken altar of Ashenzari.
  1251 | D:2      | Reached XP level 4. HP: 27/29 MP: 4/4
  1340 | D:3      | Found Pesi's Vocational Training.
  1445 | D:3      | Found a hide-covered altar of Uskayaw.
  1463 | D:3      | Became a worshipper of Uskayaw the Reveller
  1612 | D:3      | Reached * piety under Uskayaw
  1616 | D:3      | Reached skill level 1 in Throwing
  1669 | D:3      | Noticed a phantom
  1676 | D:3      | Reached ** piety under Uskayaw
  1677 | D:3      | Killed a phantom
  1678 | D:3      | Reached skill level 2 in Fighting
  1678 | D:3      | Reached skill level 4 in Unarmed Combat
  1678 | D:3      | Reached XP level 5. HP: 33/34 MP: 5/5
  1679 | D:3      | Reached *** piety under Uskayaw
  1916 | D:4      | Reached skill level 1 in Invocations
  1916 | D:4      | Reached skill level 4 in Shapeshifting
  1994 | D:4      | Reached XP level 6. HP: 28/40 MP: 6/6
  2031 | D:4      | Reached skill level 3 in Dodging
  2653 | D:4      | Reached skill level 2 in Throwing
  2653 | D:4      | Reached XP level 7. HP: 38/45 MP: 8/8
  2883 | D:5      | Entered Level 5 of the Dungeon
  3062 | D:5      | Noticed Blork the orc
  3072 | D:5      | Killed Blork the orc
  3073 | D:5      | Reached skill level 2 in Invocations
  3233 | D:5      | Reached skill level 5 in Unarmed Combat
  3280 | D:5      | Reached skill level 3 in Fighting
  3605 | D:5      | Found a burning altar of Makhleb.
  3884 | D:5      | Identified the +0 leather armour of Meruaki {Rampage}
  3925 | D:6      | Found a sacrificial altar of Ru.
  3947 | D:6      | Found a glowing golden altar of the Shining One.
  3957 | D:6      | Reached skill level 5 in Shapeshifting
  3957 | D:6      | Reached XP level 8. HP: 20/52 MP: 9/9
  4055 | D:6      | Reached skill level 3 in Throwing
  4475 | D:6      | Reached skill level 3 in Invocations
  4483 | D:6      | Found a staircase to the Ecumenical Temple.
  4771 | D:6      | Found Toharap's Weapon Shoppe.
  4828 | D:7      | Noticed Jeremiah
  4839 | D:7      | Killed Jeremiah
  4840 | D:7      | Reached skill level 4 in Dodging
  4840 | D:7      | Reached skill level 6 in Unarmed Combat
  4840 | D:7      | Reached skill level 1 in Evocations
  4859 | D:7      | Noticed Menkaure
  4874 | D:7      | Reached **** piety under Uskayaw
  4875 | D:7      | Killed Menkaure
  4876 | D:7      | Reached skill level 4 in Fighting
  4876 | D:7      | Reached XP level 9. HP: 13/58 MP: 11/11
  4997 | D:7      | Reached skill level 6 in Shapeshifting
  5075 | D:7      | Found a shadowy altar of Dithmenos.
  5160 | D:7      | Found Antun's Jewellery Shop.
  5236 | D:7      | Reached skill level 2 in Evocations
  5398 | D:7      | Noticed Prince Ribbit
  5406 | D:7      | Killed Prince Ribbit
  5407 | D:7      | Reached skill level 4 in Throwing
  5407 | D:7      | Reached skill level 4 in Invocations
  5488 | D:7      | Reached skill level 7 in Unarmed Combat
  5524 | D:7      | Noticed a purple ugly thing
  5550 | D:7      | Killed a purple ugly thing
  5551 | D:7      | Reached skill level 5 in Dodging
  5551 | D:7      | Reached skill level 3 in Evocations
  5551 | D:7      | Reached XP level 10. HP: 39/65 MP: 13/13
  5554 | D:7      | Reached ***** piety under Uskayaw
  5562 | D:7      | Noticed a manticore
  5564 | D:7      | HP: 1/97 [wraith (6)]
  5565 | D:7      | Slain by a centaur

Illustrated notes

Levels and vault maps discovered:
D:1:      dpeg_arrival_rooms_a, layout_loops_ring
D:2:      layout_loops_ring, basic_altar, serial_shops, shop,
          minmay_randomly_rotated_circles
D:3:      layout_basic, eat_drink_and_be_merry_uskayaw, nicolae_shop_vocational
D:4:      layout_cave_pods
D:5:      layout_basic, bloody_makhleb, uniq_blork_the_orc
D:6:      layout_loops_ring, mainiacjoe_overflow_boulevard,
          mainiacjoe_overflow_chevrons, minmay_temple_entry_statues_pillars,
          serial_shops, kennysheep_mini
D:7:      minmay_slanted_spiral_squares, layout_cave_pools,
          grunt_dithmenos_smoke, serial_shops, nicolae_shop_tiny_waterfront,
          uniq_jeremiah, uniq_prince_ribbit1, uniq_menkaure

Skill      XL: |  1  2  3  4  5  6  7  8  9 |
---------------+----------------------------+-----
Throwing       | 1 2 3 4 |  4.5
Fighting       | 2 3 4 |  4.9
Unarmed Combat | 4 5 6 7 |  7.5
Invocations    | 1 2 3 4 |  4.5
Shapeshifting  | 4 5 6 |  6.9
Dodging        | 3 4 5 |  5.0
Evocations     | 1 3 |  3.2

Action                     |  1- 3 |  4- 6 |  7- 9 | 10-12 || total
---------------------------+-------+-------+-------+-------++-------
  Melee: Unarmed           |    63 |    81 |   194 |     5 ||   343
         Constrict         |    20 |    21 |    52 |     2 ||    95
         Tentacles         |     8 |    23 |    54 |     2 ||    87
         Punch             |     2 |     1 |    14 |       ||    17
  Throw: Dart              |       |       |    22 |       ||    22
 Invoke: Stomp             |       |       |     1 |       ||     1
  Evoke: Wand              |       |       |     1 |       ||     1
    Use: Scroll            |       |     4 |     1 |     1 ||     6
         Potion            |       |       |     2 |     1 ||     3
   Stab: Sleeping          |     8 |     6 |     5 |       ||    19
         Paralysed         |       |     1 |    17 |       ||    18
 Armour: Skin              |    18 |    30 |   107 |    11 ||   166
  Dodge: Dodged            |    34 |    41 |   122 |    12 ||   209

Table legend: (Time is in decaauts)
 A = Elapsed time spent in this place.
 B = Non-inter-level travel time spent in this place.
 C = Inter-level travel time spent in this place.
 D = Time resting spent in this place.
 E = Time spent auto-exploring this place.
 F = Levels seen in this place.
 G = Mean time per level.
                   A        B        C        D        E       F      G
               +--------+--------+--------+--------+--------+-----+--------+
         Total |   5529 |   5404 |    125 |    828 |   3521 |   7 |  789.9 |
       Dungeon |   5529 |   5404 |    125 |    828 |   3521 |   7 |  789.9 |
               +--------+--------+--------+--------+--------+-----+--------+

Top non-repeatable levels by time:
     D:5: 1171 daAuts
     D:4: 1014 daAuts
     D:6: 845 daAuts
     D:2: 741 daAuts
     D:7: 642 daAuts
     D:1: 586 daAuts
     D:3: 527 daAuts
